 Dungeon Crawl Stone Soup version 0.25-a0-517-gf8b3a32422 (webtiles) character file.

Game seed: 6826324116683388113, levelgen mode: classic

2 EnegeticOcto the Shield-Bearer (level 1, 15/20 HPs)
             Began as a Deep Dwarf Fighter on Feb 17, 2020.
             Quit the game on level 1 of the Dungeon.
             The game lasted 00:00:11 (77 turns).

EnegeticOcto the Shield-Bearer (Deep Dwarf Fighter)   Turns: 77, Time: 00:00:11

Health: 15/20      AC:  8    Str: 19    XL:     1   Next: 33%
Magic:  1/1        EV:  7    Int:  8    God:
Gold:   16         SH:  9    Dex: 12    Spells: 0/0 levels left

rFire    . . .     SeeInvis .   a - +0 war axe
rCold    . . .     Gourm    .   c - +0 kite shield
rNeg     . . .     Faith    .   b - +0 scale mail
rPois    .         Spirit   .   (no helmet)
rElec    .         Reflect  .   f - +0 cloak
rCorr    .         Harm     .   (no gloves)
MR       .....                  (no boots)
Stlth    ..........             h - amulet of inaccuracy (curse)
HPRegen  0.00/turn              (no ring)
MPRegen  0.07/turn              (no ring)

@: non-regenerating
A: damage resistance, heal wounds, sense surroundings 1, no regeneration
a: Heal Wounds


You were on level 1 of the Dungeon.
You were not hungry.

You visited 1 branch of the dungeon, and saw 1 of its levels.

You collected 16 gold pieces.

Inventory:

Hand Weapons
 a - a +0 war axe (weapon)
Armour
 b - a +0 scale mail (worn)
 c - a +0 kite shield (worn)
 f - a +0 cloak (worn)
Jewellery
 h - a cursed amulet of inaccuracy (around neck)
Scrolls
 g - a scroll of fog {unknown}
Potions
 k - a potion of might {@q3}
Comestibles
 d - 3 chunks of flesh
 e - a ration


   Skills:
 * Level 2.7 Fighting
 * Level 2.3 Axes
 + Level 3.3 Armour
 + Level 0.0 Dodging
 + Level 3.3 Shields


You couldn't memorise any spells.
You didn't know any spells.
Your spell library was empty.

Dungeon Overview and Level Annotations

Branches:
Dungeon (1/15)

Altars:


Innate Abilities, Weirdness & Mutations

You are resistant to damage.
You can heal yourself by infusing magical energy.
You passively map a small area around you.
You do not regenerate.


Message History

k - a potion of might;
e - a ration Warning: Delay interrupt name "very hungry" not recognised. (~/.crawlrc:40) Welcome, EnegeticOcto the Deep Dwarf Fighter.
It is said that the Orb of Zot exists deep within this dungeon.
Press ? for a list of commands and other information.
Found a staircase leading out of the dungeon.
A hobgoblin comes into view.
The hobgoblin shouts!
You see here 16 gold pieces.
A hobgoblin is nearby!
A hobgoblin is nearby!
A hobgoblin is nearby!
A hobgoblin is nearby!
A hobgoblin is nearby!
A hobgoblin is nearby!
The hobgoblin hits you but does no damage.
You closely miss the hobgoblin. The hobgoblin hits you.
The hobgoblin closely misses you.
You completely miss the hobgoblin. The hobgoblin hits you.
You closely miss the hobgoblin. The hobgoblin hits you.
You block the hobgoblin's attack.
You hit the hobgoblin.
The hobgoblin is severely wounded.
The hobgoblin hits you.
You closely miss the hobgoblin.
The hobgoblin is severely wounded.
You block the hobgoblin's attack. x2
You slash the hobgoblin!
You kill the hobgoblin!
No reachable target in view!
You butcher the hobgoblin corpse.
d - 3 chunks of flesh You see here a hobgoblin skeleton. x2
You now have 16 gold pieces.
You see here a hobgoblin skeleton.
Found a cloak.
A kobold comes into view.
The kobold shouts!
A kobold is nearby!
A kobold is nearby!
A kobold is nearby!
You block the kobold's attack.
You closely miss the kobold. You block the kobold's attack. x2
You closely miss the kobold. The kobold closely misses you.
You closely miss the kobold. The kobold barely misses you.
You closely miss the kobold. You block the kobold's attack.
The kobold hits you.
You hit the kobold.
You kill the kobold!
No target in view!
No target in view!
No target in view!
No target in view!
No target in view!
No target in view!
No target in view!
No target in view!
No target in view!
No target in view!
You see here a cloak.
f - a cloak You start putting on your armour.
You continue putting on your cloak. x4
You finish putting on your +0 cloak.
g - a scroll labeled PINURU VU PA NIU
h - a thin jasper amulet Oops, that amulet feels deathly cold.
h - a cursed amulet of inaccuracy (around neck)
Found an escape hatch in the floor.
Found a stone staircase leading down.
No target in view!
Are you sure you want to abandon this character and quit the game? (Confirm with "yes".)

* * *#....... ,
######..#.#.#####, ,
........#.#..... , .#
###.......#..#** ...
,.>......#....####
>.....#######.#.......#
,,
..............#....#.##
*
......####.##.#.......##
*
.......@................
.......##........####...
*.#.....
#..##.####...... #.....
#..##.# #..÷... , #.....
....#.# #..#### , ,
....... ....#.# #..#;≈≈
.......#....# #..#≈≈≈ ,,
............+ #..#≈≈≈ ,
#..#≈≈≈


There were no monsters in sight!

Vanquished Creatures
  A hobgoblin (D:1)
  A kobold (D:1)
2 creatures vanquished.

Notes
Turn   | Place    | Note
-------+----------+-------------------------------------------
     0 | D:1      | EnegeticOcto the Deep Dwarf Fighter began the quest for the
                  | Orb.
     0 | D:1      | Reached XP level 1. HP: 20/20 MP: 1/1
     1 | D:1      | Noticed an electric eel
    77 | D:1      | Quit the game

Levels and vault maps discovered:
D:1:      arrival_aquarium_a, layout_basic, nrook_loot_triangle

Action                   || total
-------------------------++-------
Melee: War axe           ||    11
Armor: Scale mail        ||     1
Dodge: Dodged            ||     3
Block: Kite shield       ||     7

Table legend:
 A = Non-vault XP
 B = Vault XP
 C = Vault XP percentage of total XP
 D = Non-vault monster count
 E = Vault monster count
 F = Vault count percentage of total count
                 A         B        C        D         E       F
            +---------+---------+-------+---------+---------+-------
      Total |       4 |       0 |   0.0 |       2 |       0 |   0.0
            +---------+---------+-------+---------+---------+-------
        D:1 |       4 |       0 |   0.0 |       2 |       0 |   0.0
            +---------+---------+-------+---------+---------+-------
